 Dungeon Sprint DCSS version 0.27.1-1-g398f81649c (webtiles) character file.

Game seed: 16321447177436875751

48 boopmooplesden the Covered (level 4, -2/45 HPs)
             Began as a Minotaur Fighter on Sept 15, 2021.
             Was an Initiate of Okawaru.
             Slain by Menkaure (16 damage)
             ... in the Dungeon (Sprint VI: "Thunderdome").
             The game lasted 00:02:38 (415 turns).

boopmooplesden the Covered (Minotaur Fighter)        Turns: 415, Time: 00:02:39

Health: -2/45      AC: 10    Str: 21    XL:     4   Next: 49%
Magic:  3/3        EV:  8    Int: 17    God:    Okawaru [......]
Gold:   37         SH: 11    Dex: 16    Spells: 3/3 levels left

rFire    . . .     SeeInvis .   a - +0 war axe
rCold    + . .     Faith    +   c - +0 kite shield
rNeg     . . .     Spirit   .   b - +0 scale mail
rPois    .         Reflect  .   (helmet restricted)
rElec    .         Harm     .   r - +0 cloak
rCorr    +         Rampage  .   s - +0 pair of gloves
Will     .....     NoTele   +   (no boots)
Stlth    ..........             o - amulet "Sebampuh" {Faith Fly Dex+6}
HPRegen  0.15/turn              p - ring "Isaagouma" {rC+ Int+6}
MPRegen  0.08/turn              q - ring "Sowaf" {rCorr Int+6 Slay+3}

@: mighty, flying
A: horns 2, retaliatory headbutt
a: Renounce Religion


You were in the Dungeon.
You worshipped Okawaru.
Okawaru was noncommittal.
You visited 1 branch You collected 280 gold pieces.
You spent 243 gold pieces at shops.

Inventory:

Hand Weapons
 a - a +0 war axe (weapon)
Armour
 b - a +0 scale mail (worn)
 c - a +0 kite shield (worn)
 r - a +0 cloak (worn)
 s - a +0 pair of gloves (worn)
Jewellery
 o - the amulet "Sebampuh" (around neck) {Faith Fly Dex+6}
   (You bought it in a shop in the Dungeon)

   [amulet of faith]

   It allows you to gain divine favour quickly.
   Dex:       It affects your dexterity (+6).
   Fly:       It grants you flight.
 p - the ring "Isaagouma" (left hand) {rC+ Int+6}
   (You bought it in a shop in the Dungeon)

   [ring of intelligence]

   Int:       It affects your intelligence (+6).
   rC:        It protects you from cold.
 q - the ring "Sowaf" (right hand) {rCorr Int+6 Slay+3}
   (You bought it in a shop in the Dungeon)

   [ring of intelligence]

   Int:       It affects your intelligence (+6).
   Slay:      It affects your accuracy & damage with ranged weapons and melee
   (+3).
   rCorr:     It protects you from acid and corrosion.
Wands
 l - a wand of acid (5)
 m - a wand of iceblast (5)
Scrolls
 j - 4 scrolls of blinking
 n - 3 scrolls of fog
Potions
 e - a potion of curing
 f - 4 potions of heal wounds
 g - 4 potions of haste
 h - 2 potions of magic
 i - a potion of berserk rage
 k - 2 potions of resistance


   Skills:
 + Level 6.3 Fighting
 + Level 5.1 Axes
 + Level 6.9 Armour
 + Level 0.7 Dodging
 + Level 6.6 Shields


You had 3 spell levels left.
You didn't know any spells.
Your spell library was empty.

Dungeon Overview and Level Annotations

Branches:
Dungeon (1/1)

Altars:
Cheibriados
Dithmenos
Fedhas
Gozag
Kikubaaqudgha
Makhleb
Okawaru
Qazlal
Ru
Sif Muna
Trog
Uskayaw
Vehumet
Wu Jian
Xom
Yredelemnul
Zin
The Shining One
Beogh
Jiyva
Lugonu

Shops:
D *[??*?*:[((!!!!

Annotations:
D Menkaure


Innate Abilities, Weirdness & Mutations

You have a pair of horns on your head.
You reflexively headbutt those who attack you in melee.


Message History

A mummy comes into view.
You see here an adder corpse.
You slash the mummy!
The mummy is heavily damaged.
The mummy barely misses you. You furiously retaliate!
You headbutt the mummy!
You destroy the mummy!
Okawaru accepts your kill.
Your Fighting skill increases to level 6!
A mummy comes into view.
You block the mummy's attack.
You barely miss the mummy. You slash the mummy!
The mummy is severely damaged.
The mummy closely misses you. You furiously retaliate!
You headbutt the mummy.
You destroy the mummy!
Okawaru accepts your kill.
Your Axes skill increases to level 5!
Menkaure, Prince of Dust comes into view.
Menkaure shouts!
A mummy comes into view.
Menkaure casts a spell.
Menkaure seems to speed up.
You slash the mummy! Your headbutt misses the mummy.
The mummy is severely damaged.
You hit Menkaure.
Menkaure calls on the powers of darkness!
Your body is wracked with pain!
Menkaure calls on the powers of darkness!
Your body is wracked with pain!
* * * LOW HITPOINT WARNING * * *
The mummy hits you but does no damage.
You feel very mighty all of a sudden. 50...
You block Menkaure's attack.
You slash Menkaure!
Menkaure is heavily damaged.
You slash the mummy!
You destroy the mummy!
Okawaru accepts your kill. Menkaure hits you!
You die...

#_......._#
###.........##
#⌠......†....⌠
######.8.........8.
##._._......###.....
###∩........8.# #.8...
##.............###.....
#⌠.....M....###...###..
#⌠....@.....# #.<.# #..
#⌠..........###...###..
##.............###.....
###∩÷.......8.# #.8...
##∩___......###....†
######.8.........8.
#⌠...........⌠
###.........##
#_......._#


You could see Menkaure (fast).

Vanquished Creatures
  5 mummies (D)
  5 adders (D)
  2 hobgoblins (D)
  2 kobolds (D)
  A goblin (D)
15 creatures vanquished.

Notes
Turn   | Place    | Note
-------+----------+-------------------------------------------
     0 | D        | boopmooplesden the Minotaur Fighter began the quest for the
                  | Orb.
     0 | D        | Reached XP level 1. HP: 19/19 MP: 0/0
     3 | D        | Found a radiant altar of Vehumet.
     3 | D        | Found a blossoming altar of Fedhas.
     4 | D        | Found an ancient bone altar of Kikubaaqudgha.
     5 | D        | Found an iron altar of Okawaru.
     5 | D        | Found a basalt altar of Yredelemnul.
     5 | D        | Round 1.
     6 | D        | Found a glowing silver altar of Zin.
     6 | D        | Found Damisupt's Weapon Rack.
     6 | D        | Found Viastec's Premium Goods.
     7 | D        | Found Kicepuly's Basic Armour.
     7 | D        | Found Botenoz's Miscellaneous Merchandise.
    13 | D        | Became a worshipper of Warmaster Okawaru
    19 | D        | Found an ornate altar of the Wu Jian Council.
    22 | D        | Found a shimmering altar of Xom.
    23 | D        | Found a stormy altar of Qazlal.
    23 | D        | Found Leosimy's Identification Station.
    24 | D        | Found Ciygann's Advanced Armour.
    24 | D        | Found Ovuvec's Jewellery.
    25 | D        | Found a viscous altar of Jiyva.
    25 | D        | Found a sacrificial altar of Ru.
    44 | D        | Bought a bound amethyst amulet for 45 gold pieces
    44 | D        | Identified the amulet "Sebampuh" {Faith Fly Dex+6} (You
                  | bought it in a shop in the Dungeon)
    44 | D        | Bought a slimy brass ring for 45 gold pieces
    44 | D        | Identified the ring "Isaagouma" {rC+ Int+6} (You bought it
                  | in a shop in the Dungeon)
    44 | D        | Bought a steaming glass ring for 45 gold pieces
    44 | D        | Identified the ring "Sowaf" {rCorr Int+6 Slay+3} (You
                  | bought it in a shop in the Dungeon)
    52 | D        | Found a snail-covered altar of Cheibriados.
    73 | D        | Bought a +0 cloak for 54 gold pieces
    86 | D        | Found Warataj's Do-It-Yourself Clinic.
    87 | D        | Found Packin's Bottled Wisdom.
    87 | D        | Found Ifekaonna's Distillery.
    88 | D        | Found an opulent altar of Gozag.
    88 | D        | Found a shadowy altar of Dithmenos.
    88 | D        | Found a hide-covered altar of Uskayaw.
    88 | D        | Found Xasudgh's Distillery.
    92 | D        | Found a bloodstained altar of Trog.
    93 | D        | Found a shimmering blue altar of Sif Muna.
    94 | D        | Found a glowing golden altar of the Shining One.
    95 | D        | Found Asyd's Staff Store.
    96 | D        | Found Durph's Must-Have Magic.
    96 | D        | Found Biegux's Magic Scroll Shop.
    97 | D        | Found a corrupted altar of Lugonu.
    97 | D        | Found a burning altar of Makhleb.
    97 | D        | Found Newekif's Magic Scroll Shop.
   136 | D        | Arena points: 12 (+12) [x2]
   211 | D        | Round 2.
   217 | D        | Reached skill level 5 in Armour
   217 | D        | Reached XP level 2. HP: 28/28 MP: 1/1
   221 | D        | Reached skill level 5 in Shields
   234 | D        | Reached skill level 5 in Fighting
   234 | D        | Reached XP level 3. HP: 36/36 MP: 2/2
   244 | D        | Arena points: 48 (+36) [x3]
   262 | D        | Bought a +0 pair of gloves for 54 gold pieces
   286 | D        | Round 3.
   317 | D        | Reached XP level 4. HP: 44/44 MP: 3/3
   404 | D        | Reached skill level 5 in Axes
   408 | D        | Noticed Menkaure
   415 | D        | Slain by Menkaure

Illustrated notes

Levels and vault maps discovered:
D:        arena_sprint

Skill      XL: |  1  2  3  4 |
---------------+-------------+-----
Fighting       | 4 5 6 |  6.3
Armour         | 5 6 |  6.9
Shields        | 4 5 6 |  6.6
Axes           | 3 4 5 |  5.1
Dodging        | |  0.7

Action                   |  1- 3 |  4- 6 || total
-------------------------+-------+-------++-------
Melee: War axe           |    22 |     5 ||    27
       Headbutt          |     2 |       ||     2
  Use: Potion            |       |     1 ||     1
Armor: Scale mail        |    11 |     1 ||    12
Dodge: Dodged            |     8 |     2 ||    10
Block: Kite shield       |    10 |     2 ||    12
